 Dungeon Crawl Stone Soup version 0.27-a0-887-gcab673c142 (webtiles) character file.

Game seed: 5404127864747134158

50 mhtbhm the Covered (level 3, -4/33 HPs)
             Began as a Minotaur Fighter on Apr 3, 2021.
             Slain by a kobold
             ... wielding a +0 whip
              (5 damage)
             ... on level 2 of the Dungeon.
             The game lasted 00:00:59 (1166 turns).

mhtbhm the Covered (Minotaur Fighter)               Turns: 1166, Time: 00:01:00

Health: -4/33      AC:  7    Str: 21    XL:     3   Next: 55%
Magic:  2/2        EV:  7    Int:  5    God:
Gold:   20         SH:  9    Dex:  9    Spells: 2/2 levels left

rFire    . . .     SeeInvis .   a - +0 hand axe (vorpal)
rCold    . . .     Faith    .   c - +0 kite shield
rNeg     . . .     Spirit   .   b - +0 scale mail
rPois    .         Reflect  .   (helmet restricted)
rElec    .         Harm     .   (no cloak)
rCorr    .         Rampage  .   (no gloves)
Will     .....                  (no boots)
Stlth    ..........             (no amulet)
HPRegen  0.11/turn              (no ring)
MPRegen  0.08/turn              (no ring)

@: slowed, very slow
A: horns 2, retaliatory headbutt
a: no special abilities


You were on level 2 of the Dungeon.
You visited 1 branch of the dungeon, and saw 2 of its levels.

You collected 20 gold pieces.

Inventory:

Hand Weapons
 a - a +0 vorpal hand axe (weapon)
Armour
 b - a +0 scale mail (worn)
 c - a +0 kite shield (worn)
Scrolls
 f - 5 scrolls of identify {unknown}
 g - a scroll of magic mapping {unknown}
Potions
 d - a potion of might
 e - a potion of haste {unknown}


   Skills:
 + Level 4.0 Fighting
 + Level 3.2 Axes
 + Level 4.4 Armour
 + Level 0.3 Dodging
 + Level 4.0 Shields


You had 2 spell levels left.
You didn't know any spells.
Your spell library contained the following spells:

 Spells                   Type           Power      Damage    Failure   Level
 Confusing Touch          Hex            0%         N/A       100%        3
 Gell's Gravitas          Tloc           0%         N/A       100%        3
 Petrify                  Tmut/Erth      0%         N/A       100%        4
 Metabolic Englaciation   Hex/Ice        0%         N/A       100%        5
 Yara's Violent Unravell  Hex/Tmut       0%         3d3       100%        5


Dungeon Overview and Level Annotations

Branches:
Dungeon (2/15)

Altars:

Annotations:
D:2 Jessica


Innate Abilities, Weirdness & Mutations

You have a pair of horns on your head.
You reflexively headbutt those who attack you in melee.


Message History

The kobold barely misses you. You furiously retaliate!
You headbutt the kobold!
You kill the kobold!
The kobold hits you but does no damage.
Jessica the Apprentice Sorceress comes into view.
She is wielding a +0 dagger.
You closely miss the kobold.
Jessica shouts!
You hear a shout!
You block the kobold's attack.
Jessica points at you and mumbles some strange words.
You feel yourself slow down. You block the kobold's attack.
You barely miss the kobold. The kobold hits you but does no damage.
The kobold barely misses you.
You closely miss the kobold. Your headbutt misses the kobold.
The kobold misses you.
Jessica gestures wildly while chanting.
Jessica seems to speed up.
You block the kobold's attack.
You hit the kobold.
The kobold is heavily wounded.
A kobold comes into view. It is wielding a +0 whip.
The kobold hits you but does no damage.
You hit the kobold.
You kill the kobold!
You barely miss Jessica. Jessica hits you with a +0 dagger. x3
Unknown command.
You closely miss Jessica. Jessica hits you but does no damage.
You block Jessica's attack. Jessica hits you but does no damage.
You hit Jessica but do no damage. You block Jessica's attack.
Jessica closely misses you.
A worm comes into view.
Jessica gestures at you while chanting. Pain shoots through your body!
* * * LOW HITPOINT WARNING * * *
The kobold hits you but does no damage.
You hit Jessica but do no damage. You completely miss the kobold.
You block Jessica's attack. Jessica hits you but does no damage.
The kobold hits you with a +0 whip.
* * * LOW HITPOINT WARNING * * *
Jessica hits you with a +0 dagger.
* * * LOW HITPOINT WARNING * * *
The kobold hits you with a +0 whip.
You die...

#.# #.# #.# #.#
#.# # #.#
#.#.##########
#.@@.†.......#
.w....K.########.#
..#.##### #.# #
#.# #.# ######.#
#......# #.######
#.#


You could see a worm, Jessica (fast) and a kobold.

Vanquished Creatures
  An adder (D:2)
  A dart slug (D:2)
  4 endoplasms
  A giant cockroach (D:1)
  2 goblins (D:1)
  2 hobgoblins
  8 jackals
  3 quokkas (D:1)
  4 ball pythons
  3 bats (D:1)
  A frilled lizard (D:1)
  3 kobolds
  A rat (D:1)
34 creatures vanquished.

Notes
Turn   | Place    | Note
-------+----------+-------------------------------------------
     0 | D:1      | mhtbhm the Minotaur Fighter began the quest for the Orb.
     0 | D:1      | Reached XP level 1. HP: 19/19 MP: 0/0
   230 | D:1      | Reached XP level 2. HP: 25/27 MP: 1/1
   920 | D:2      | Reached XP level 3. HP: 31/33 MP: 2/2
  1158 | D:2      | Noticed Jessica
  1166 | D:2      | HP: 1/33 [Jessica/+0 dagger (2)]
  1166 | D:2      | Slain by a kobold

Illustrated notes

Levels and vault maps discovered:
D:1:      evilmike_arrival_rings, layout_loops_cross, glass_columns_a
D:2:      layout_loops_ring, basic_ecumenical_altar, minmay_small_reverse_x,
          uniq_jessica, uniq_sigmund

Skill      XL: |  1  2  3 |
---------------+----------+-----
Armour         | 4 |  4.4
Axes           | 3 |  3.2
Fighting       | 4 |  4.0
Shields        | 4 |  4.0
Dodging        | |  0.3

Action                   || total
-------------------------++-------
Melee: War axe           ||    48
       Headbutt          ||     9
       Hand axe          ||    56
Armor: Scale mail        ||    78
Dodge: Dodged            ||    38
Block: Kite shield       ||    69

Table legend: (Time is in decaauts)
 A = Elapsed time spent in this place.
 B = Non-inter-level travel time spent in this place.
 C = Inter-level travel time spent in this place.
 D = Time resting spent in this place.
 E = Time spent auto-exploring this place.
 F = Levels seen in this place.
 G = Mean time per level.
                   A        B        C        D        E       F      G
               +--------+--------+--------+--------+--------+-----+--------+
         Total |   1217 |   1217 |      0 |      0 |    944 |   2 |  608.5 |
       Dungeon |   1217 |   1217 |      0 |      0 |    944 |   2 |  608.5 |
               +--------+--------+--------+--------+--------+-----+--------+

Top non-repeatable levels by time:
     D:1: 941 daAuts
     D:2: 276 daAuts
